 Dungeon Crawl Stone Soup version 0.25-a0-184-gcd15a05269 (webtiles) character file.

Game seed: 13128281559831092255, levelgen mode: deterministic

16802 Gargoyl the Envoy of Void (level 12, -7/150 HPs)
             Began as a Centaur Abyssal Knight on Nov 27, 2019.
             Was a High Priest of Lugonu.
             Killed from afar by an ice statue (20 damage)
             ... with a bolt of cold
             ... on level 2 of the Lair of Beasts.
             The game lasted 00:22:35 (16235 turns).

Gargoyl the Envoy of Void (Centaur Abyssal Knight) Turns: 16235, Time: 00:22:36

Health: -7/150     AC: 22    Str: 23    XL:     12   Next: 13%
Magic:  18/18      EV:  4    Int: 11    God:    Lugonu [*****.]
Gold:   778        SH: 10    Dex: 11    Spells: 11/11 levels left

rFire    . . .     SeeInvis .   F - +2 hand axe (elec)
rCold    . . .     Gourm    .   h - +0 shield
rNeg     . . .     Faith    .   G - +0 plate armour
rPois    +         Spirit   .   b - +0 helmet
rElec    .         Reflect  .   B - +0 cloak
rCorr    .         Harm     .   s - +2 pair of gloves
MR       +....                  z - +0 centaur barding
Stlth    ..........             k - amulet of rage
HPRegen  0.35/turn              y - ring of protection from magic
MPRegen  0.16/turn              n - ring of poison resistance

@: berserking, flying, studying Short Blades, very quick
A: large, hooves 3, deformed body, speed 2, tough skin 3
a: Depart the Abyss, Bend Space, Banish, Corrupt, Enter the Abyss, Renounce
Religion, Evoke Berserk Rage


You were on level 2 of the Lair of Beasts.
You worshipped Lugonu.
Lugonu was extremely pleased with you.
You were near starving.

You visited 2 branches of the dungeon, and saw 11 of its levels.
You visited the Abyss 1 time.
You also visited: Sewer.

You collected 778 gold pieces.

Inventory:

Hand Weapons
 a - a +2 hand axe
 o - a +3 vampiric hand axe
 F - a +2 hand axe of electrocution (weapon)
Missiles
 p - 6 silver javelins (quivered)
 E - 8 boomerangs
Armour
 b - a +0 helmet (worn)
 h - a +0 shield (worn)
 s - a +2 pair of gloves (worn)
 z - a +0 centaur barding (worn)
 B - a +0 cloak (worn)
 G - a +0 plate armour (worn)
Jewellery
 k - an amulet of rage (around neck)
 n - a ring of poison resistance (right hand)
 y - a ring of protection from magic (left hand)
Wands
 d - a wand of digging (6)
 x - a wand of flame (49)
 A - a wand of iceblast (14)
Scrolls
 f - 11 scrolls of teleportation
 g - 2 scrolls of identify
 q - 4 scrolls of remove curse
 t - 5 scrolls of magic mapping
 w - 3 scrolls of fog
 I - a scroll of summoning
Potions
 e - a potion of might
 i - 6 potions of flight
 j - a potion of cancellation
 l - 2 potions of agility {unknown}
 m - 3 potions of resistance
 u - 2 potions of magic {unknown}
 v - 5 potions of curing
 C - a potion of lignification {unknown}
Books
 H - a manual of Short Blades
Comestibles
 c - 19 rations
 D - 4 chunks of flesh


   Skills:
 + Level 7.5 Fighting
 + Level 8.1 Axes
 + Level 2.8 Throwing
 * Level 7.5 Armour
 * Level 7.0 Dodging
 + Level 4.4 Shields
 * Level 8.6 Invocations
 + Level 2.0 Evocations


You had 11 spell levels left.
You didn't know any spells.
Your spell library contained the following spells:

 Spells                   Type           Power        Failure   Level  Hunger
 Animate Skeleton         Necr           N/A          100%        1    ##.....
 Confusing Touch          Hex            #.....       100%        1    ##.....
 Freeze                   Ice            #...         100%        1    ##.....
 Magic Dart               Conj           #...         100%        1    ##.....
 Pain                     Necr           #...         100%        1    ##.....
 Sandblast                Erth           #.....       100%        1    ##.....
 Blink                    Tloc           N/A          100%        2    ###....
 Call Imp                 Summ           #.......     100%        2    ###....
 Passwall                 Tmut/Erth      #.......     100%        2    ###....
 Slow                     Hex            #.......     100%        2    ###....
 Throw Frost              Conj/Ice       #.....       100%        2    ###....
 Confuse                  Hex            #.......     100%        3    ####...
 Conjure Flame            Conj/Fire      #.......     100%        3    ####...
 Gell's Gravitas          Tloc           #.........   100%        3    ####...
 Mephitic Cloud           Conj/Pois/Air  #.......     100%        3    ####...
 Ozocubu's Armour         Chrm/Ice       #.......     100%        3    ####...
 Regeneration             Chrm/Necr      #.........   100%        3    ####...
 Stone Arrow              Conj/Erth      #.....       100%        3    ####...
 Vampiric Draining        Necr           #.........   100%        3    ####...
 Animate Dead             Necr           N/A          100%        4    #####..
 Petrify                  Tmut/Erth      #.......     100%        4    #####..
 Summon Ice Beast         Ice/Summ       #.......     100%        4    #####..
 Throw Icicle             Conj/Ice       #.......     100%        4    #####..
 Lee's Rapid Deconstruct  Erth           #.........   100%        5    ######.
 Metabolic Englaciation   Hex/Ice        #.........   100%        5    ######.
 Yara's Violent Unravell  Hex/Tmut       #.........   100%        5    ######.


Dungeon Overview and Level Annotations

Branches:
Dungeon (9/15)             Temple (0/1) D:5            Lair (2/6) D:9
  Swamp (0/4) Lair:2        Snake (0/4) Lair:2          Orc (0/2) D:9
  Sewer (visited)

Altars:
Cheibriados
Gozag
Hepliaklqana
Kikubaaqudgha
Nemelex Xobeh
Uskayaw
Vehumet
Wu Jian
Xom
Yredelemnul
The Shining One

Annotations:
Lair:1 exclusion: oklob plant
Lair:2 exclusion: ice statue


Innate Abilities, Weirdness & Mutations

You have hooves in place of feet.
Armour fits poorly on your strangely shaped body.
You cover ground very quickly.
You have extremely tough skin. (AC +3)


Message History

The ice beast freezes you!
* * * LOW HITPOINT WARNING * * *
Unknown command.
You completely miss the ice statue.
The ice statue is severely damaged.
You slash the ice beast!
Lightning courses through the ice beast!
You hit the ice beast.
Lightning courses through the ice beast!
You kill the ice beast!
Lugonu accepts your kill.
Your Dodging skill increases to level 7!
You closely miss the ice beast. You slash the ice beast!
You kill the ice beast!
You hit the ice statue but do no damage.
The ice statue is severely damaged.
You closely miss the ice beast. You hit the ice beast.
The ice statue gestures at you. The bolt of cold hits you!!
You die...

.##### #≈≈≈≈.≈≈≈.≈≈..≈≈≈
.....# #≈≈≈...≈≈≈≈≈...≈≈
.....###≈≈.≈.≈≈≈≈.≈≈.≈.≈
........[.≈≈≈≈≈≈≈≈≈≈≈≈≈.
......)...≈≈≈≈≈≈≈≈≈≈≈≈≈.
.##.###...≈≈≈≈≈≈≈°≈≈≈≈≈.
.###.##...≈≈≈≈≈(°?≈≈≈≈≈.
.# ###.....≈≈≈≈?8Y≈≈≈≈..
.# ##....≈≈≈≈Y@)≈≈≈≈..
.# ##...≈≈≈≈≈"?!≈≈≈≈≈.
.# #....≈≈≈≈≈≈≈≈≈≈≈≈≈.
.P# ##...≈≈≈≈≈≈≈≈≈≈≈≈≈.
..# #...≈≈≈≈≈≈≈≈≈≈≈≈≈.
.P# ##≈≈.≈.≈≈≈≈.≈≈.≈.≈
.## #.≈....≈≈≈≈≈...≈≈ .#
#≈≈≈≈.≈≈≈.≈≈≈.≈≈. ..
..≈≈.≈.≈.


You could see an ice statue and 2 ice beasts.

Vanquished Creatures
  Nergalle (Lair:1)
  Sonja (D:9)
  Pikel (D:7)
  A deep elf archer (D:9)
  2 orc sorcerers (D:9)
  2 deep elf magi (D:9)
  A black mamba (Lair:1)
  4 spiny frogs
  A komodo dragon (Lair:1)
  A polar bear (Lair:2)
  Prince Ribbit (D:7)
  3 blink frogs (Lair:2)
  6 hippogriffs
  3 yaks (Lair:2)
  A hungry ghost (D:9)
  6 vampire mosquitoes (Lair:2)
  2 basilisks
  A warg (D:9)
  3 water moccasins
  4 porcupines
  7 ice beasts
  A sky beast (D:6)
  5 orc warriors
  A slave (D:7)
  2 black bears (D:9)
  8 ogres
  2 phantoms
  An eye of draining (D:9)
  5 wolves
  2 centaurs (D:9)
  2 big kobolds
  10 bullfrogs
  A water moccasin skeleton (D:9)
  4 killer bees
  8 wights
  2 howler monkeys
  3 crimson imps
  2 bullfrog zombies
  A quasit (D:8)
  2 bullfrog skeletons
  A centaur skeleton (D:4)
  4 hounds
  2 jellies
  5 orc priests
  10 orc wizards
  4 iguanas
  Natasha (twice) (D:2)
  6 worker ants
  A killer bee zombie (D:6)
  2 hound zombies
  2 worker ant zombies
  A howler monkey skeleton (D:8)
  23 adders
  A river rat (D:4)
  A shadow imp (D:9)
  A white imp (Lair:2)
  2 oozes
  An adder zombie (D:5)
  2 adder skeletons
  3 worms
  2 dart slugs
  A leopard gecko (D:3)
  35 orcs
  4 ball pythons
  6 bats
  3 giant cockroaches
  8 goblins
  9 hobgoblins
  9 jackals
  4 quokkas
  5 frilled lizards
  20 kobolds
  A leopard gecko zombie (D:5)
  2 quokka zombies (D:9)
  13 rats
  6 fungi (D:9)
  A plant (Lair:2)
317 creatures vanquished.

Vanquished Creatures (collateral kills)
  An orange demon (Abyss:2)
1 creature vanquished.

Vanquished Creatures (others)
  A two-headed ogre (D:5)
  An oklob plant (Lair:2)
  An ice devil (Lair:2)
  Duvessa (D:7)
  A slave (D:7)
  A human (D:2)
  A crocodile (Lair:2)
  Dowan (D:7)
  2 killer bees (D:7)
  An orc (D:7)
  4 fungi (Lair:2)
  5 plants
  2 starspawn tentacles (Abyss:2)
22 creatures vanquished.

Grand Total: 340 creatures vanquished

Notes
Turn   | Place    | Note
-------+----------+-------------------------------------------
     0 | Abyss:1  | Gargoyl the Centaur Abyssal Knight began the quest for the
                  | Orb.
     0 | Abyss:1  | Reached XP level 1. HP: 19/19 MP: 2/2
    64 | Abyss:2  | Found a corrupted altar of Lugonu.
    82 | Abyss:2  | Noticed an orange demon
    90 | Abyss:2  | Killed an orange demon
    90 | Abyss:2  | Reached XP level 2. HP: 28/28 MP: 3/3
    90 | Abyss:2  | Reached XP level 3. HP: 35/35 MP: 4/4
    90 | Abyss:2  | Reached XP level 4. HP: 41/41 MP: 5/5
    90 | Abyss:2  | Reached XP level 5. HP: 47/47 MP: 6/6
   133 | Abyss:2  | Got a heavily jewelled robe
   156 | Abyss:2  | Noticed a large abomination
   169 | Abyss:2  | Noticed a small abomination
   193 | Abyss:2  | Noticed an ancient zyme
   193 | Abyss:2  | Noticed a tentacled starspawn
   209 | Abyss:2  | Noticed a smoke demon
   211 | Abyss:2  | Noticed a thrashing horror
   212 | D:1      | Escaped the Abyss
   223 | D:1      | Identified the +2 robe "Jasul" {rElec rF+ Int+3} (You found
                  | it on level 2 of the Abyss)
   259 | D:1      | You fall into a shaft and drop 1 floor!
   282 | D:2      | Reached * piety under Lugonu
   662 | D:1      | Reached skill level 1 in Dodging
  1158 | D:2      | Reached skill level 5 in Fighting
  1178 | D:2      | Found an ancient bone altar of Kikubaaqudgha.
  1179 | D:2      | Found a hide-covered altar of Uskayaw.
  1181 | D:2      | Found a snail-covered altar of Cheibriados.
  1227 | D:2      | Noticed Natasha
  1238 | D:2      | Killed Natasha
  1436 | D:2      | Found an ancient bone altar of Kikubaaqudgha.
  1436 | D:2      | Noticed a human
  1441 | D:2      | Killed a human
  1527 | D:2      | Noticed Natasha
  1536 | D:2      | Killed Natasha
  1880 | D:3      | Reached ** piety under Lugonu
  1976 | D:3      | Reached XP level 6. HP: 46/56 MP: 8/8
  2594 | D:3      | Found a glowing golden altar of the Shining One.
  3177 | D:3      | Found a basalt altar of Yredelemnul.
  3268 | D:4      | Found an opulent altar of Gozag.
  3274 | D:4      | Reached XP level 7. HP: 57/61 MP: 9/9
  3589 | D:4      | Found a glowing drain.
  3610 | Sewer    | Entered a sewer
  3632 | Sewer    | Reached *** piety under Lugonu
  4317 | D:4      | Reached skill level 1 in Shields
  4636 | D:4      | Reached XP level 8. HP: 64/69 MP: 10/10
  4813 | D:4      | Found a radiant altar of Vehumet.
  4942 | D:5      | Entered Level 5 of the Dungeon
  5012 | D:5      | Reached **** piety under Lugonu
  5044 | D:5      | Found a hazy altar of Hepliaklqana.
  5045 | D:5      | Found a shimmering altar of Xom.
  5046 | D:5      | Noticed a spectral ugly thing
  5093 | D:5      | Reached skill level 1 in Throwing
  5149 | D:5      | Noticed a two-headed ogre
  5179 | D:5      | Banished a two-headed ogre
  5460 | D:5      | Found a staircase to the Ecumenical Temple.
  5647 | D:5      | Reached skill level 5 in Axes
  5647 | D:5      | Reached XP level 9. HP: 64/75 MP: 12/12
  5802 | D:6      | Reached skill level 5 in Invocations
  6154 | D:6      | Found an ornate altar of the Wu Jian Council.
  7850 | D:7      | Noticed Pikel
  7916 | D:7      | Killed Pikel
  7916 | D:7      | Reached skill level 5 in Dodging
  8554 | D:7      | Killed Dowan
  8612 | D:7      | Killed Duvessa
  9326 | D:7      | Reached XP level 10. HP: 66/84 MP: 14/14
  9502 | D:7      | Noticed Prince Ribbit
  9515 | D:7      | Killed Prince Ribbit
 10132 | D:8      | Reached skill level 1 in Evocations
 10358 | D:8      | Reached ***** piety under Lugonu
 10587 | D:8      | Found a sparkling altar of Nemelex Xobeh.
 11223 | D:9      | Found a staircase to the Orcish Mines.
 11437 | D:9      | Reached skill level 5 in Armour
 11510 | D:9      | Noticed a deep elf mage
 11515 | D:9      | Noticed an orc sorcerer
 11705 | D:9      | Killed a deep elf mage
 11779 | D:9      | Killed an orc sorcerer
 12045 | D:9      | Found a staircase to the Lair.
 12187 | D:9      | Noticed a deep elf archer
 12188 | D:9      | Noticed a deep elf mage
 12201 | D:9      | Killed a deep elf mage
 12203 | D:9      | Killed a deep elf archer
 12203 | D:9      | Reached XP level 11. HP: 92/92 MP: 16/16
 12807 | D:9      | Noticed an orc sorcerer
 12813 | D:9      | Killed an orc sorcerer
 12960 | Lair:1   | Entered Level 1 of the Lair of Beasts
 13150 | Lair:1   | Noticed Sonja
 13303 | D:9      | Killed Sonja
 13823 | Lair:1   | Noticed Nergalle
 13824 | Lair:1   | Noticed an oklob plant
 13846 | Lair:1   | Killed Nergalle
 14736 | Lair:2   | Found a hazy altar of Hepliaklqana.
 15519 | Lair:2   | Found a staircase to the Swamp.
 15827 | Lair:2   | Reached XP level 12. HP: 64/100 MP: 18/18
 16024 | Lair:2   | Found a staircase to the Snake Pit.
 16229 | Lair:2   | HP: 5/100 [ice statue/bolt of cold (19)]
 16235 | Lair:2   | Killed from afar by an ice statue

Levels and vault maps discovered:
D:1:      lemuel_arrival_funnel, layout_rooms, chequers_serial_rivers_micro_d,
          serial_bayou_lagoon_a
D:2:      layout_rooms, minitemple, serial_glass, glass_columns_a,
          glass_columns_a, glass_columns_b, glass_columns_a, glass_columns_b,
          glass_columns_c, glass_columns_b, glass_columns_b, serial_park_tiny_2,
          tgw_kikubaaqudgha, uniq_natasha
D:3:      layout_basic, lemuel_doored_altar, old_standard_altar
D:4:      minmay_inner_zag, layout_basic, old_standard_altar,
          portal_sewer_entry_c, vehumet_altar_wand_db
D:5:      layout_basic, regret_index_temple_of_mockery,
          minmay_temple_entry_gardened_gates, first_ration
D:6:      cheibrodos_helix_gallery, layout_gridville, basic_altar,
          nrook_mini_vaults
D:7:      layout_cave_pods, uniq_pikel, uniq_duvessa, uniq_prince_ribbit1
D:8:      layout_basic, nemelex_xobeh_ov_fountains_minmay
D:9:      minmay_the_grid_4x2 [minmay_the_grid_spin_star,
          minmay_the_grid_tri_star, minmay_the_grid_minigrid_small,
          minmay_the_grid_spikes, minmay_the_grid_holed_spiral,
          minmay_the_grid_outer_diamond, minmay_the_grid_aliased_spiral,
          minmay_the_grid_prize_diamond_cup], layout_loops_corners,
          dpeg_oklobed_lair, david_orc_3
Lair:1:   layout_concentric_octagons, grunt_megastairs_2, serial_bayou_shore_a,
          infiniplex_staircase_pool_2, minmay_lair_oklob_chamber,
          lemuel_fruit_fields, uniq_nergalle, uniq_sonja
Lair:2:   layout_cave_pods, minmay_swamp_entry_swarm,
          guppyfry_snake_entry_garden, basic_altar, ice2_lemuel

Skill      XL: |  1  2  3  4  5  6  7  8  9 10 11 12 |
---------------+-------------------------------------+-----
Fighting       | 4 5 6 7 |  7.5
Axes           | 2 3 4 5 7 8 |  8.1
Armour         | 2 3 4 5 7 |  7.5
Dodging        | 1 2 3 4 5 6 7 |  7.0
Invocations    | 3 4 6 7 8 |  8.6
Shields        | 1 2 3 4 |  4.4
Throwing       | 2 |  2.8
Evocations     | 1 2 |  2.0

Action                   |  1- 3 |  4- 6 |  7- 9 | 10-12 || total
-------------------------+-------+-------+-------+-------++-------
Melee: Hand axe          |       |   193 |   488 |   538 ||  1219
       Kick              |       |    35 |   123 |   143 ||   301
Throw: Javelin           |       |     5 |    23 |     9 ||    37
Invok: Depart the Abyss  |       |     1 |       |       ||     1
       Banish            |       |       |     3 |     4 ||     7
       Bend Space        |       |       |       |     1 ||     1
 Abil: Evoke Berserk Rag |       |       |     4 |     6 ||    10
  Use: Scroll            |     1 |     8 |     8 |    10 ||    27
       Potion            |       |       |     1 |     6 ||     7
  Eat: Chunk             |       |     6 |    11 |    23 ||    40
       Ration            |       |       |     3 |     1 ||     4
Armor: Robe              |       |   121 |   213 |     1 ||   335
       Plate armour      |       |       |       |   473 ||   473
Dodge: Dodged            |       |   106 |   180 |    48 ||   334
Block: Shield            |       |    14 |   194 |   274 ||   482

Table legend:
 A = Non-vault XP
 B = Vault XP
 C = Vault XP percentage of total XP
 D = Non-vault monster count
 E = Vault monster count
 F = Vault count percentage of total count
                 A         B        C        D         E       F
            +---------+---------+-------+---------+---------+-------
      Total |   13644 |   10359 |  43.2 |     233 |      83 |  26.3
            +---------+---------+-------+---------+---------+-------
        D:1 |      28 |       0 |   0.0 |      14 |       0 |   0.0
        D:2 |      69 |      36 |  34.3 |      21 |       1 |   4.5
        D:3 |     346 |       0 |   0.0 |      37 |       0 |   0.0
        D:4 |     596 |      51 |   7.9 |      14 |      10 |  41.7
        D:5 |    1361 |       0 |   0.0 |      15 |       0 |   0.0
        D:6 |    1203 |     130 |   9.8 |      28 |       1 |   3.4
        D:7 |     887 |     949 |  51.7 |      19 |       2 |   9.5
        D:8 |    1022 |       0 |   0.0 |      31 |       0 |   0.0
        D:9 |    1768 |    5152 |  74.5 |      22 |      29 |  56.9
     Lair:1 |    2540 |    1659 |  39.5 |      12 |       5 |  29.4
     Lair:2 |    3616 |    2157 |  37.4 |      19 |      14 |  42.4
    Abyss:2 |     208 |       0 |   0.0 |       1 |       0 |   0.0
      Sewer |       0 |     225 | 100.0 |       0 |      21 | 100.0
            +---------+---------+-------+---------+---------+-------
